Map: Blackburn LE

Players

Vanya

  • Race: Zerg Zerg

Reynor - Winner!

  • Race: Zerg Zerg

Event: DreamHack SC2 Masters 2021 Fall

VOD

Have the link to the VOD?

Description

Time

  • Played on: Aug. 10, 2021, 10:02 a.m.
  • Length: 6:29

All games in this series

Show
View Real Time Build Order
Export as new Build Order

Vanya Zerg 

Build Orders: Hatch First 

Get SALT Encoding   

  12  0:00  Drone  
  13  0:12  Overlord  
  13  0:17  Drone  
  14  0:31  Drone x2  
  16  0:47  Hatchery  
  15  0:51  Drone  
  15  0:54  Drone  
  17  0:58  Drone  
  18  1:08  Extractor  
  17  1:13  Spawning Pool  
  17  1:16  Drone  
  17  1:20  Drone  
  18  1:28  Drone  
  19  1:39  Drone  
  20  1:50  Drone  
  21  2:00  Queen x2, Zergling x2  
  21  2:01  Overlord  
  26  2:10  Drone x2  
  28  2:21  Drone x2  
  30  2:31  Drone  
  30  2:32  Overlord  
  30  2:36  Queen  
  34  2:44  Drone x2  
  35  2:56  Drone x2  
  36  3:04  Drone x2  
  38  3:06  Extractor  
  38  3:09  Drone, Evolution Chamber  
  38  3:10  Drone x3  
  38  3:11  Lair  
  40  3:16  Overlord  
  40  3:17  Drone  
  40  3:19  Extractor  
  40  3:20  Drone x2  
  42  3:30  Drone, Roach Warren  
  42  3:33  Drone  
  44  3:34  Extractor  
  44  3:35  Zerg Melee Weapons Level 1  
  44  3:36  Metabolic Boost  
  43  3:41  Roach Warren  
  43  3:42  Drone  
  43  3:45  Drone  
  44  3:49  Drone x2  
  44  3:50  Drone  
  44  3:55  Drone x2  
  49  3:56  Drone  
  49  3:58  Drone  
  51  4:04  Evolution Chamber  
  51  4:06  Overlord  
  50  4:14  Spire  
  50  4:16  Drone  
  50  4:26  Evolution Chamber  
  50  4:27  Overlord  
  50  4:30  Zergling x6  
  53  4:34  Zergling x4  
  53  4:35  Zergling x2  
  56  4:40  Overlord  
  56  4:43  Zergling x2  
  56  4:45  Zergling x2  
  58  4:49  Zergling x2  
  60  4:58  Zergling x6  
  63  5:02  Hatchery, Overlord  
  62  5:17  Overlord  
  62  5:26  Mutalisk x6  
  73  5:30  Mutalisk x2  
  72  5:41  Queen  
  53  5:53  Zergling x6  
  46  6:01  Drone x2  
  38  6:07  Drone  
  38  6:08  Drone  
Show
View Real Time Build Order
Export as new Build Order

Reynor Zerg - Winner!

Build Orders: Hatch First 

Get SALT Encoding   

  12  0:00  Drone  
  13  0:11  Overlord  
  13  0:16  Drone  
  14  0:30  Drone x2  
  16  0:47  Hatchery  
  15  0:51  Drone  
  15  0:54  Drone  
  17  1:01  Drone  
  18  1:08  Extractor  
  17  1:14  Spawning Pool  
  17  1:17  Drone  
  17  1:19  Drone  
  18  1:27  Drone  
  19  1:38  Drone  
  20  1:49  Drone  
  21  1:59  Overlord  
  21  2:01  Queen x2  
  21  2:02  Zergling x2  
  26  2:08  Metabolic Boost  
  26  2:10  Drone  
  26  2:12  Drone  
  28  2:23  Drone x2  
  30  2:31  Zergling x2  
  30  2:36  Drone  
  32  2:45  Hatchery  
  32  2:46  Overlord  
  32  2:47  Drone  
  32  2:55  Drone x2  
  33  3:01  Baneling Nest  
  33  3:03  Queen  
  34  3:06  Drone  
  34  3:09  Drone  
  34  3:12  Drone  
  37  3:13  Zergling x2  
  37  3:15  Zergling x2  
  37  3:17  Zergling x2  
  40  3:20  Drone  
  40  3:25  Evolution Chamber  
  40  3:27  Overlord  
  40  3:29  Zergling x2  
  40  3:32  Drone  
  40  3:33  Zergling x2  
  43  3:35  Drone  
  44  3:45  Drone x2, Overlord  
  44  3:46  Drone  
  47  3:51  Zerg Ground Armor Level 1  
  47  3:52  Drone  
  47  3:54  Drone  
  48  3:57  Drone x2  
  50  4:04  Zergling x2  
  50  4:08  Zergling x4  
  53  4:10  Roach Warren  
  53  4:12  Drone x2  
  53  4:16  Overlord  
  54  4:18  Drone  
  55  4:24  Extractor  
  55  4:25  Extractor, Drone x3  
  55  4:28  Overlord  
  56  4:32  Drone  
  56  4:33  Drone x2  
  56  4:36  Overlord  
  56  4:38  Drone  
  60  4:50  Zergling x16  
  68  4:53  Overlord  
  68  5:00  Zergling x8, Baneling x2  
  68  5:02  Zergling x4  
  68  5:04  Zergling x2  
  75  5:08  Baneling x2  
  75  5:09  Baneling x6  
  75  5:11  Zergling x2  
  76  5:14  Zergling x6  
  76  5:19  Overlord  
  79  5:22  Zergling x6  
  79  5:23  Zergling x2  
  79  5:27  Baneling x2  
  79  5:28  Overlord  
  77  5:38  Queen x2  
  79  5:44  Zergling x2  
  79  5:45  Zergling x10  
  79  5:49  Zergling x4  
  83  5:58  Zergling x6  
  83  6:02  Baneling  
  82  6:05  Zergling x2  
  82  6:08  Spore Crawler  
  79  6:16  Spore Crawler  

Tags
 
Add a new tag
Caveats
  • Supply blocks, unpowered buildings, or Contaminate may cause inaccurate times.
  • Supply counts are checked every 10 seconds.